 Dungeon Crawl Stone Soup version 0.23-a0-550-g7de1f8e (webtiles) character file.

5327 tidbits the Summoner (level 10, 0/74 HPs)
             Began as a Gnoll Summoner on Dec 8, 2018.
             Was a Priest of Cheibriados.
             Slain by a yak (12 damage)
             ... on level 10 of the Dungeon.
             The game lasted 00:33:39 (2893 turns).

tidbits the Summoner (Gnoll Summoner)               Turns: 2893, Time: 00:33:40

Health: 0/74       AC:  7    Str: 17    XL:     10   Next: 64%
Magic:  21/21      EV: 20    Int: 28    God:    Cheibriados [***...]
Gold:   396        SH:  0    Dex: 29    Spells: 11/23 levels left

rFire    . . .     SeeInvis .   P - +2 war axe (vamp)
rCold    + . .     Gourm    .   (no shield)
rNeg     . . .     Faith    .   B - +2 robe {rC+}
rPois    .         Spirit   .   (helmet restricted)
rElec    .         Reflect  .   C - +2 cloak
rCorr    .         Harm     .   (no gloves)
MR       .....                  (no boots)
Stlth    +++++.....             I - amulet of magic regeneration
HPRegen  0.22/turn              X - +6 ring of dexterity
MPRegen  0.42/turn              A - ring of stealth

@: very slow
A: distributed training, antennae 1, fangs 1, deterioration 1, strong nose
a: Bend Time, Temporal Distortion, Renounce Religion


You were on level 10 of the Dungeon.
You worshipped Cheibriados.
Cheibriados was most pleased with you.
You were not hungry.

You visited 2 branches of the dungeon, and saw 11 of its levels.

You collected 396 gold pieces.

Inventory:

Hand Weapons
 a - a +0 dagger
 b - a +2 scimitar of flaming
   (You took it off Erica on level 8 of the Dungeon)
 h - a +0 hunting sling
 i - a +0 war axe
 m - a +0 spear
 o - a cursed +0 hand axe
 u - a +0 short sword
 w - a +0 flail
 K - a +0 shortbow
 M - a +0 quarterstaff
 P - a +2 vampiric war axe (weapon)
   (You found it on level 8 of the Dungeon)
 S - a +0 trident
 W - a +0 morningstar
Missiles
 e - 75 arrows
 l - 15 bolts
 n - 38 sling bullets
 v - 3 tomahawks (quivered)
 x - 4 throwing nets {!f}
 z - 16 stones
Armour
 f - a +0 robe
 B - a +2 robe of cold resistance (worn)
   (You took it off Erica on level 8 of the Dungeon)
 C - a +2 cloak (worn)
 D - a +0 ring mail
 E - a +0 helmet
Jewellery
 y - an uncursed ring of attention
   (You found it on level 5 of the Dungeon)
 A - a ring of stealth (right hand)
   (You found it on level 5 of the Dungeon)
 G - an uncursed ring of teleportation
   (You found it on level 8 of the Dungeon)
 I - an amulet of magic regeneration (around neck)
   (You took it off a gnoll on level 7 of the Dungeon)
 J - an uncursed ring of protection from fire
   (You found it on level 7 of the Dungeon)
 X - a +6 ring of dexterity (left hand)
   (You found it on level 6 of the Dungeon)
Wands
 j - a wand of acid (5)
 p - a wand of paralysis (6)
 s - a wand of scattershot (1)
 L - a wand of iceblast (8)
Scrolls
 d - a scroll of noise
 k - a scroll of blinking
 r - 2 scrolls of remove curse
 t - 2 scrolls of teleportation
 F - a scroll of magic mapping {unknown}
 H - a scroll of enchant armour {unknown}
 N - 2 scrolls of amnesia {unknown}
 Q - 2 scrolls of immolation
 R - a scroll of silence {unknown}
Potions
 g - 3 potions of might
 q - 2 potions of flight
 O - a potion of cancellation
 U - a potion of brilliance {unknown}
 V - a potion of agility
Miscellaneous
 T - a phial of floods
Comestibles
 c - 12 rations


   Skills:
 + Level 5.4 Fighting
 + Level 5.4 Short Blades
 + Level 5.4 Long Blades
 + Level 5.4 Axes
 + Level 5.4 Maces & Flails
 + Level 5.4 Polearms
 + Level 5.4 Staves
 + Level 5.4 Slings
 + Level 5.4 Bows
 + Level 5.4 Crossbows
 + Level 5.4 Throwing
 + Level 5.4 Armour
 + Level 7.1 Dodging
 + Level 6.9 Stealth
 + Level 5.4 Shields
 + Level 5.4 Unarmed Combat
 + Level 7.4 Spellcasting
 + Level 4.4 Conjurations
 + Level 4.4 Hexes
 + Level 4.4 Charms
 + Level 8.5 Summonings
 + Level 4.4 Necromancy
 + Level 4.4 Translocations
 + Level 4.4 Transmutations
 + Level 4.4 Fire Magic
 + Level 4.4 Ice Magic
 + Level 4.4 Air Magic
 + Level 4.4 Earth Magic
 + Level 4.4 Poison Magic
 + Level 5.9 Invocations
 + Level 5.4 Evocations


You had 11 spell levels left.
You knew the following spells:

 Your Spells              Type           Power        Failure   Level  Hunger
a - Summon Small Mammal   Summ           ####         1%          1    None
b - Blink                 Tloc           N/A          1%          2    None
c - Call Canine Familiar  Summ           ######..     1%          3    None
i - Call Imp              Summ           ######..     1%          2    None
L - Summon Lightning Spi  Summ/Air       #####...     3%          4    ##.....

Your spell library contained the following spells:

 Spells                   Type           Power        Failure   Level  Hunger
 Magic Dart               Conj           ####         1%          1    None
 Slow                     Hex            #####...     1%          2    None
 Summon Guardian Golem    Hex/Summ       #####...     1%          3    None
 Conjure Flame            Conj/Fire      #####...     2%          3    None
 Mephitic Cloud           Conj/Pois/Air  #####...     2%          3    None
 Summon Ice Beast         Ice/Summ       #####...     3%          4    ##.....


Dungeon Overview and Level Annotations

Branches:
Dungeon (10/15)            Temple (1/1) D:4
   Lair: D:8-11         Orc: D:9-12

Altars:
Ashenzari
Cheibriados
Dithmenos
Elyvilon
Fedhas
Hepliaklqana
Ru
Sif Muna
Uskayaw
Wu Jian
Zin
The Shining One

Shops:
D:4 %   D:5 :

Annotations:
D:10 exclusion: 4 earth elementals


Innate Abilities, Weirdness & Mutations

Your experience applies equally to all skills.
You have very sharp teeth.
Your uncanny sense of smell can sniff out nearby items.
You have a pair of small antennae on your head.
Your body sometimes deteriorates upon taking damage.


Message History

You feel a dreadful hunger.
P - a +2 vampiric war axe (weapon)
Your lightning spire shoots out a bolt of lightning at the yak!
The bolt of electricity hits the yak.
Unknown command.
The helpless yak fails to defend itself.
You hit the yak.
You feel better.
You bite the yak.
The yak is heavily wounded.
You hear a bellow!
Unknown command.
The helpless yak fails to defend itself.
You slice the yak!!
You feel better.
You bite the yak.
The yak is almost dead.
An iguana comes into view.
Your lightning spire shoots out a bolt of lightning at the yak!
The bolt of electricity hits the yak.
The yak dies!
Unknown command.
Throwing (i - inventory. (/) - cycle)
v - 4 tomahawks (quivered)
Press: ? - help, Shift-Dir - straight line, f - yak
Aim: a yak (heavily wounded)
You throw a tomahawk. The tomahawk hits the yak.
The yak is heavily wounded.
Your lightning spire disappears in a puff of smoke!
You hear an angry hiss.
Unknown command.
Unknown command.
Casting: Summon Lightning Spire (safe; 4% risk of failure)
Confirm with . or Enter, or press ? or * to list all spells.
Aiming: Summon Lightning Spire (safe; 4% risk of failure)
Press: ? - help, Dir - move target cursor, p - yak An electric hum fills the air.
The yak gores you!
* * * LOW HITPOINT WARNING * * *
Unknown command.
Unknown command.
You hit the yak but do no damage. You bite the yak, but do no damage.
The yak is heavily wounded.
The yak closely misses you.
You hit the yak.
You feel better.
Your punch misses the yak.
The yak is heavily wounded.
You slash the iguana!
The iguana bites you but does no damage.
The yak completely misses you.
Your lightning spire shoots out a bolt of lightning at the yak!
The bolt of electricity hits the iguana.
The iguana dies!
Cheibriados appreciates the change of pace.
The bolt of electricity hits the yak.
The yak dies!
Cheibriados thoroughly appreciates the change of pace.
Cheibriados raises the support of your attributes as your movement slows.
You feel your dexterity returning.
The bolt of electricity hits the yak.
Unknown command.
You slash the yak!
You feel better.
The yak is moderately wounded.
The yak completely misses you.
You slash the yak!
The yak is heavily wounded.
The yak barely misses you.
You hit the yak. You bite the yak.
The yak is heavily wounded.
Your lightning spire shoots out a bolt of lightning at the yak!
The bolt of electricity hits the yak.
The yak dies!
Cheibriados appreciates the change of pace.
The bolt of electricity hits the yak.
Your lightning spire shoots out a bolt of lightning at the wyvern!
The bolt of electricity hits the wyvern.
The bolt of electricity hits the plant. x2
Unknown command.
You slash the yak! You bite the yak.
The yak is severely wounded.
The yak closely misses you.
You hit the yak.
You feel better.
The yak is almost dead.
The wyvern is no longer paralysed.
The yak snorts and paws the ground.
Your lightning spire shoots out a bolt of lightning at the wyvern!
The bolt of electricity hits the wyvern.
The bolt of electricity hits the plant. x2
The wyvern bites your lightning spire.
Unknown command.
You hit the wyvern but do no damage.
The wyvern is almost dead.
You hit the yak. You closely miss the yak. The wyvern barely misses you.
The yak completely misses you. The yak gores you!
* * * LOW HITPOINT WARNING * * *
The wyvern barely misses you. The yak misses you.
You hit the wyvern.
You feel better.
You kill the wyvern!
Cheibriados appreciates the change of pace.
You hit the yak but do no damage. You hit the yak. The yak gores you!
* * * LOW HITPOINT WARNING * * *
The yak closely misses you. The yak completely misses you.
Unknown command.
You hit the yak.
You feel better.
Your bite misses the yak.
The yak is almost dead.
You hit the yak. The yak closely misses you. The yak gores you!
You die...

..P..... PPP..### +.
...P......♣. #. .....Pl
#. P....P. #.# .......
### #.# ..P.♣.. ..
#.###(.(.... #.
#..@Y(......
#######.#+####..Y(......#
................8########
..........#......#......#
.................#......#
#######
####+###.........#......#
>......
.......'.........#......#
.......
.......#.........'......#
.......
.......######'####......#
...EE..


You could see 2 yaks and a friendly lightning spire.

Vanquished Creatures
  Erica (D:8)
  A deep elf mage (D:9)
  A gargoyle (D:10)
  2 yaks (D:9)
  A wyvern (D:10)
  A human (D:8)
  Grum (D:8)
  A hungry ghost (D:7)
  2 wolves (D:8)
  A centaur (D:8)
  A crocodile (D:10)
  Blork the orc (D:4)
  A bullfrog (D:10)
  A scorpion (D:5)
  A crimson imp (D:6)
  2 hounds (D:9)
  A gnoll shaman (D:4)
  A jelly (D:5)
  An orc wizard (D:9)
  An iguana (D:9)
  A bullfrog skeleton (D:4)
  A worker ant (D:9)
  A howler monkey skeleton (D:8)
  5 adders
  An adder zombie (D:7)
  A dart slug (D:2)
  5 orcs
  2 giant cockroaches
  4 goblins
  4 hobgoblins
  A jackal (D:6)
  A quokka (D:7)
  3 frilled lizards
  3 kobolds (D:8)
  A leopard gecko skeleton (D:9)
  2 rats
59 creatures vanquished.

Vanquished Creatures (collateral kills)
  A two-headed ogre (D:7)
  Joseph (D:8)
  A hornet (D:9)
  6 yaks
  4 hogs (D:8)
  2 ice beasts (D:7)
  A phantom (D:4)
  A wolf (D:8)
  A centaur (D:7)
  A crocodile (D:10)
  An ogre (D:9)
  A big kobold (D:8)
  A bullfrog (D:7)
  A scorpion (D:7)
  3 crimson imps
  3 hounds
  A jelly (D:9)
  An iguana (D:10)
  5 worker ants
  Robin (D:2)
  9 gnolls
  2 adders
  A shadow imp (D:10)
  An adder skeleton (D:6)
  2 leopard geckos
  4 orcs (D:4)
  A ball python (D:2)
  3 bats
  2 giant cockroaches
  10 goblins
  2 hobgoblins (D:2)
  2 jackals (D:6)
  3 quokkas
  A frilled lizard (D:2)
  5 kobolds
  5 rats
90 creatures vanquished.

Vanquished Creatures (others)
  A plant (D:10)
  8 toadstools (D:5)
9 creatures vanquished.

Grand Total: 158 creatures vanquished

Notes
Turn   | Place    | Note
-------+----------+-------------------------------------------
     0 | D:1      | tidbits the Gnoll Summoner began the quest for the Orb.
     0 | D:1      | Reached XP level 1. HP: 13/13 MP: 6/6
     1 | D:1      | Noticed a tengu
     4 | D:1      | Noticed a dwarf
     4 | D:1      | Noticed a draconian
     6 | D:1      | Noticed a human
     6 | D:1      | Noticed an elf
     8 | D:1      | Noticed a halfling
     8 | D:1      | Noticed a vampire
    10 | D:1      | Noticed an octopode
    12 | D:1      | Noticed a formicid
    12 | D:1      | Noticed a felid
    14 | D:1      | Noticed a centaur
    14 | D:1      | Noticed a spriggan
    16 | D:1      | Noticed a demonspawn
    16 | D:1      | Noticed a ghoul
    18 | D:1      | Noticed an ogre
    18 | D:1      | Noticed a troll
    20 | D:1      | Noticed a gargoyle
    20 | D:1      | Noticed a minotaur
    22 | D:1      | Noticed a vine stalker
    24 | D:1      | Noticed a merfolk
    26 | D:1      | Noticed a demigod
    26 | D:1      | Noticed a naga
   206 | D:1      | Reached XP level 2. HP: 19/19 MP: 7/7
   210 | D:1      | Learned a level 2 spell: Call Imp
   375 | D:2      | Reached XP level 3. HP: 24/25 MP: 5/9
   380 | D:2      | Learned a level 3 spell: Call Canine Familiar
   408 | D:2      | Reached skill level 5 in Spellcasting
   451 | D:2      | Noticed Robin
   482 | D:2      | Reached skill level 1 in Invocations
   490 | D:2      | Killed Robin
   611 | D:2      | Reached skill level 1 in Fighting
   611 | D:2      | Reached skill level 1 in Short Blades
   611 | D:2      | Reached skill level 1 in Long Blades
   611 | D:2      | Reached skill level 1 in Axes
   611 | D:2      | Reached skill level 1 in Maces & Flails
   611 | D:2      | Reached skill level 1 in Polearms
   611 | D:2      | Reached skill level 1 in Staves
   611 | D:2      | Reached skill level 1 in Slings
   611 | D:2      | Reached skill level 1 in Bows
   611 | D:2      | Reached skill level 1 in Crossbows
   611 | D:2      | Reached skill level 1 in Throwing
   611 | D:2      | Reached skill level 1 in Armour
   611 | D:2      | Reached skill level 1 in Shields
   611 | D:2      | Reached skill level 1 in Unarmed Combat
   611 | D:2      | Reached skill level 1 in Evocations
   667 | D:3      | Reached XP level 4. HP: 32/32 MP: 3/11
   673 | D:3      | Learned a level 4 spell: Summon Lightning Spire
   829 | D:4      | Found Reyxzebi's Food Emporium.
   836 | D:4      | Noticed Blork the orc
   851 | D:4      | Killed Blork the orc
   851 | D:4      | Reached skill level 1 in Conjurations
   851 | D:4      | Reached skill level 1 in Hexes
   851 | D:4      | Reached skill level 1 in Charms
   851 | D:4      | Reached skill level 1 in Necromancy
   851 | D:4      | Reached skill level 1 in Translocations
   851 | D:4      | Reached skill level 1 in Transmutations
   851 | D:4      | Reached skill level 1 in Fire Magic
   851 | D:4      | Reached skill level 1 in Ice Magic
   851 | D:4      | Reached skill level 1 in Air Magic
   851 | D:4      | Reached skill level 1 in Earth Magic
   851 | D:4      | Reached skill level 1 in Poison Magic
   851 | D:4      | Reached XP level 5. HP: 37/37 MP: 1/12
   951 | D:4      | Found a staircase to the Ecumenical Temple.
   964 | Temple   | Entered the Ecumenical Temple
   983 | Temple   | Became a worshipper of Cheibriados the Contemplative
  1011 | D:4      | Learned a level 2 spell: Blink
  1088 | D:5      | Entered Level 5 of the Dungeon
  1133 | D:5      | Reached skill level 2 in Invocations
  1133 | D:5      | Reached XP level 6. HP: 44/44 MP: 8/13
  1134 | D:5      | Gained mutation: Your body sometimes deteriorates upon
                  | taking damage. [potion of mutation]
  1134 | D:5      | Gained mutation: You have a pair of small antennae on your
                  | head. [potion of mutation]
  1148 | D:4      | Noticed a phantom
  1158 | D:4      | Killed a phantom
  1158 | D:4      | Reached skill level 5 in Dodging
  1174 | D:4      | Found a white marble altar of Elyvilon.
  1243 | D:5      | Found Vaikeasu's Book Boutique.
  1296 | D:5      | Reached skill level 2 in Fighting
  1296 | D:5      | Reached skill level 2 in Short Blades
  1296 | D:5      | Reached skill level 2 in Long Blades
  1296 | D:5      | Reached skill level 2 in Axes
  1296 | D:5      | Reached skill level 2 in Maces & Flails
  1296 | D:5      | Reached skill level 2 in Polearms
  1296 | D:5      | Reached skill level 2 in Staves
  1296 | D:5      | Reached skill level 2 in Slings
  1296 | D:5      | Reached skill level 2 in Bows
  1296 | D:5      | Reached skill level 2 in Crossbows
  1296 | D:5      | Reached skill level 2 in Throwing
  1296 | D:5      | Reached skill level 2 in Armour
  1296 | D:5      | Reached skill level 2 in Shields
  1296 | D:5      | Reached skill level 2 in Unarmed Combat
  1296 | D:5      | Reached skill level 2 in Evocations
  1429 | D:6      | Reached XP level 7. HP: 50/50 MP: 9/15
  1509 | D:6      | Reached * piety under Cheibriados
  1688 | D:7      | Reached skill level 2 in Conjurations
  1688 | D:7      | Reached skill level 2 in Hexes
  1688 | D:7      | Reached skill level 2 in Charms
  1688 | D:7      | Reached skill level 2 in Necromancy
  1688 | D:7      | Reached skill level 2 in Translocations
  1688 | D:7      | Reached skill level 2 in Transmutations
  1688 | D:7      | Reached skill level 2 in Fire Magic
  1688 | D:7      | Reached skill level 2 in Ice Magic
  1688 | D:7      | Reached skill level 2 in Air Magic
  1688 | D:7      | Reached skill level 2 in Earth Magic
  1688 | D:7      | Reached skill level 2 in Poison Magic
  1748 | D:7      | Reached skill level 5 in Stealth
  1760 | D:6      | Found a hazy altar of Hepliaklqana.
  1794 | D:7      | Found a sacrificial altar of Ru.
  1797 | D:8      | Noticed Erica
  1797 | D:8      | Noticed Grum
  1816 | D:7      | Noticed a hungry ghost
  1834 | D:7      | Killed a hungry ghost
  1834 | D:7      | Reached skill level 3 in Invocations
  1859 | D:7      | Noticed a two-headed ogre
  1934 | D:7      | Killed a two-headed ogre
  1934 | D:7      | Reached skill level 3 in Fighting
  1934 | D:7      | Reached skill level 3 in Short Blades
  1934 | D:7      | Reached skill level 3 in Long Blades
  1934 | D:7      | Reached skill level 3 in Axes
  1934 | D:7      | Reached skill level 3 in Maces & Flails
  1934 | D:7      | Reached skill level 3 in Polearms
  1934 | D:7      | Reached skill level 3 in Staves
  1934 | D:7      | Reached skill level 3 in Slings
  1934 | D:7      | Reached skill level 3 in Bows
  1934 | D:7      | Reached skill level 3 in Crossbows
  1934 | D:7      | Reached skill level 3 in Throwing
  1934 | D:7      | Reached skill level 3 in Armour
  1934 | D:7      | Reached skill level 3 in Shields
  1934 | D:7      | Reached skill level 3 in Unarmed Combat
  1934 | D:7      | Reached skill level 6 in Spellcasting
  1934 | D:7      | Reached skill level 3 in Evocations
  1934 | D:7      | Reached XP level 8. HP: 22/58 MP: 6/17
  1984 | D:8      | Reached skill level 3 in Conjurations
  1984 | D:8      | Reached skill level 3 in Hexes
  1984 | D:8      | Reached skill level 3 in Charms
  1984 | D:8      | Reached skill level 3 in Necromancy
  1984 | D:8      | Reached skill level 3 in Translocations
  1984 | D:8      | Reached skill level 3 in Transmutations
  1984 | D:8      | Reached skill level 3 in Fire Magic
  1984 | D:8      | Reached skill level 3 in Ice Magic
  1984 | D:8      | Reached skill level 3 in Air Magic
  1984 | D:8      | Reached skill level 3 in Earth Magic
  1984 | D:8      | Reached skill level 3 in Poison Magic
  1984 | D:8      | Reached skill level 4 in Invocations
  1984 | D:8      | Reached XP level 9. HP: 34/65 MP: 15/18
  1987 | D:8      | Reached skill level 6 in Dodging
  2130 | D:9      | Reached ** piety under Cheibriados
  2222 | D:8      | Reached skill level 4 in Fighting
  2222 | D:8      | Reached skill level 4 in Short Blades
  2222 | D:8      | Reached skill level 4 in Long Blades
  2222 | D:8      | Reached skill level 4 in Axes
  2222 | D:8      | Reached skill level 4 in Maces & Flails
  2222 | D:8      | Reached skill level 4 in Polearms
  2222 | D:8      | Reached skill level 4 in Staves
  2222 | D:8      | Reached skill level 4 in Slings
  2222 | D:8      | Reached skill level 4 in Bows
  2222 | D:8      | Reached skill level 4 in Crossbows
  2222 | D:8      | Reached skill level 4 in Throwing
  2222 | D:8      | Reached skill level 4 in Armour
  2222 | D:8      | Reached skill level 4 in Shields
  2222 | D:8      | Reached skill level 4 in Unarmed Combat
  2222 | D:8      | Reached skill level 4 in Evocations
  2230 | D:8      | Noticed Joseph
  2234 | D:8      | Killed Grum
  2234 | D:8      | Killed Erica
  2234 | D:8      | Reached skill level 6 in Stealth
  2234 | D:8      | Reached skill level 8 in Summonings
  2241 | D:8      | Killed Joseph
  2241 | D:8      | Reached skill level 5 in Invocations
  2410 | D:9      | Reached XP level 10. HP: 61/73 MP: 18/20
  2470 | D:9      | Reached skill level 7 in Spellcasting
  2485 | D:10     | Entered Level 10 of the Dungeon
  2551 | D:9      | Noticed a deep elf mage
  2556 | D:9      | Killed a deep elf mage
  2556 | D:9      | Reached skill level 4 in Conjurations
  2556 | D:9      | Reached skill level 4 in Hexes
  2556 | D:9      | Reached skill level 4 in Charms
  2556 | D:9      | Reached skill level 4 in Necromancy
  2556 | D:9      | Reached skill level 4 in Translocations
  2556 | D:9      | Reached skill level 4 in Transmutations
  2556 | D:9      | Reached skill level 4 in Fire Magic
  2556 | D:9      | Reached skill level 4 in Ice Magic
  2556 | D:9      | Reached skill level 4 in Air Magic
  2556 | D:9      | Reached skill level 4 in Earth Magic
  2556 | D:9      | Reached skill level 4 in Poison Magic
  2585 | D:9      | Reached skill level 5 in Fighting
  2585 | D:9      | Reached skill level 5 in Short Blades
  2585 | D:9      | Reached skill level 5 in Long Blades
  2585 | D:9      | Reached skill level 5 in Axes
  2585 | D:9      | Reached skill level 5 in Maces & Flails
  2585 | D:9      | Reached skill level 5 in Polearms
  2585 | D:9      | Reached skill level 5 in Staves
  2585 | D:9      | Reached skill level 5 in Slings
  2585 | D:9      | Reached skill level 5 in Bows
  2585 | D:9      | Reached skill level 5 in Crossbows
  2585 | D:9      | Reached skill level 5 in Throwing
  2585 | D:9      | Reached skill level 5 in Armour
  2585 | D:9      | Reached skill level 5 in Shields
  2585 | D:9      | Reached skill level 5 in Unarmed Combat
  2585 | D:9      | Reached skill level 5 in Evocations
  2702 | D:10     | Reached *** piety under Cheibriados
  2815 | D:10     | Reached skill level 7 in Dodging
  2836 | D:10     | Noticed a gargoyle
  2844 | D:10     | Killed a gargoyle
  2873 | D:10     | HP: 6/74 [yak (13)]
  2893 | D:10     | Slain by a yak

Vault maps used:
D:1:      kb_arrival_jail, dk_noncrumbling_4
D:2:      minmay_distorted, uniq_robin
D:3:      first_ration
D:4:      elyvilon_altar_4, minmay_temple_entry_offerings, serial_shops,
          shop_statue, uniq_blork_the_orc
D:5:      cheibrodos_fertilizer, serial_shops,
          nicolae_shop_temple_entry_statues_fountains
D:6:      lemuel_upstairs_altar, yredelemnul_altar_generic, marbit_many_paths,
          uniq_edmund
D:7:      overflow_temple_1_default
D:8:      chequers_temple_overflow_statue_of_worship, grunt_livestock,
          uniq_erica, uniq_joseph, uniq_grum
D:9:      orc_0_dummy, guppyfry_early_elven_hall
D:10:     minmay_stone_box, minmay_lair_entry_grove, feat_on_display
Temple:   eino_temple_scatter_basement

Skill      XL: |  1  2  3  4  5  6  7  8  9 10 |
---------------+-------------------------------+-----
Spellcasting   | 5 6 7 |  7.4
Invocations    | 1 2 3 4 5 |  5.9
Fighting       | 1 2 3 4 5 |  5.4
Short Blades   | 1 2 3 4 5 |  5.4
Long Blades    | 1 2 3 4 5 |  5.4
Axes           | 1 2 3 4 5 |  5.4
Maces & Flails | 1 2 3 4 5 |  5.4
Polearms       | 1 2 3 4 5 |  5.4
Staves         | 1 2 3 4 5 |  5.4
Slings         | 1 2 3 4 5 |  5.4
Bows           | 1 2 3 4 5 |  5.4
Crossbows      | 1 2 3 4 5 |  5.4
Throwing       | 1 2 3 4 5 |  5.4
Armour         | 1 2 3 4 5 |  5.4
Shields        | 1 2 3 4 5 |  5.4
Unarmed Combat | 1 2 3 4 5 |  5.4
Evocations     | 1 2 3 4 5 |  5.4
Conjurations   | 1 2 3 4 |  4.4
Hexes          | 1 2 3 4 |  4.4
Charms         | 1 2 3 4 |  4.4
Necromancy     | 1 2 3 4 |  4.4
Translocations | 1 2 3 4 |  4.4
Transmutations | 1 2 3 4 |  4.4
Fire Magic     | 1 2 3 4 |  4.4
Ice Magic      | 1 2 3 4 |  4.4
Air Magic      | 1 2 3 4 |  4.4
Earth Magic    | 1 2 3 4 |  4.4
Poison Magic   | 1 2 3 4 |  4.4
Dodging        | 5 6 7 |  7.1
Stealth        | 5 6 |  6.9
Summonings     | 8 |  8.5

Action                   |  1- 3 |  4- 6 |  7- 9 | 10-12 || total
-------------------------+-------+-------+-------+-------++-------
Melee: Short sword       |    32 |     8 |       |       ||    40
       Dagger            |     7 |     9 |     8 |     2 ||    26
       Bite              |     2 |     3 |     5 |    15 ||    25
       Unarmed           |     1 |       |       |       ||     1
       Punch             |     1 |       |     1 |     1 ||     3
       War axe           |       |    10 |    37 |    27 ||    74
       Quarterstaff      |       |    10 |    15 |       ||    25
       Spear             |       |       |     7 |       ||     7
       Scimitar          |       |       |       |    12 ||    12
Throw: Tomahawk          |       |    15 |    19 |     7 ||    41
 Cast: Summon Small Mamm |    11 |       |       |       ||    11
       Call Imp          |     4 |     1 |       |       ||     5
       Call Canine Famil |     6 |     5 |       |       ||    11
       Summon Lightning  |       |    12 |    18 |     7 ||    37
Invok: Bend Time         |       |       |     3 |       ||     3
Evoke: Wand              |       |     1 |     6 |     3 ||    10
  Use: Scroll            |       |     9 |     4 |     1 ||    14
       Potion            |       |     1 |     6 |       ||     7
 Stab: Sleeping          |     9 |     3 |     4 |     4 ||    20
       Distracted        |       |       |     1 |     2 ||     3
       Paralysed         |       |       |       |     4 ||     4
  Eat: Chunk             |       |     2 |     1 |       ||     3
       Ration            |       |     1 |     3 |     2 ||     6
Armor: Robe              |     5 |     6 |    14 |     9 ||    34
       Skin              |       |       |     6 |       ||     6
Dodge: Dodged            |    30 |    39 |    99 |    42 ||   210
       Rpst.: Scimitar   |       |       |       |     5 ||     5

Table legend:
 A = Non-vault XP
 B = Vault XP
 C = Vault XP percentage of total XP
 D = Non-vault monster count
 E = Vault monster count
 F = Vault count percentage of total count
                 A         B        C        D         E       F
            +---------+---------+-------+---------+---------+-------
      Total |    3848 |    3762 |  49.4 |     114 |      35 |  23.5
            +---------+---------+-------+---------+---------+-------
        D:1 |      12 |       0 |   0.0 |      10 |       0 |   0.0
        D:2 |      28 |      38 |  57.6 |      15 |      15 |  50.0
        D:3 |      28 |       0 |   0.0 |       8 |       0 |   0.0
        D:4 |     232 |      58 |  20.0 |      15 |       1 |   6.2
        D:5 |     118 |       0 |   0.0 |       5 |       0 |   0.0
        D:6 |     115 |       0 |   0.0 |       7 |       0 |   0.0
        D:7 |    1267 |       0 |   0.0 |      16 |       0 |   0.0
        D:8 |     181 |    2298 |  92.7 |      11 |      11 |  50.0
        D:9 |    1261 |     554 |  30.5 |      22 |       1 |   4.3
       D:10 |     606 |     814 |  57.3 |       5 |       7 |  58.3
            +---------+---------+-------+---------+---------+-------

Table legend:
 A = Turns spent in this place as a percentage of turns spent in the entire game.
 B = Non-inter-level travel turns spent in this place as a percentage of non-inter-level travel turns spent in the entire game.
 C = Inter-level travel turns spent in this place as a percentage of turns spent in this place.
 D = Turns resting spent in this place as a percentage of non-inter-level travel turns spent in this place.
 E = Turns spent auto-exploring this place as a percentage of non-inter-level travel turns spent in this place.
 F = Non-inter-level travel turns spent in this place divided by the number of levels of this place that you've seen.
                   A       B       C       D       E      F
               +-------+-------+-------+-------+-------+----------------------
         Total | 100.0 | 100.0 |   0.2 |   0.0 |   0.0 | 262.4
       Dungeon |  98.7 |  98.7 |   0.2 |   0.0 |   0.0 | 284.8
        Temple |   1.3 |   1.3 |   0.0 |   0.0 |   0.0 |  38.0
               +-------+-------+-------+-------+-------+----------------------

Table legend:
 A = Kills in this place as a percentage of kills in entire the game.
 B = Kills by you in this place as a percentage of kills by you in the entire game.
 C = Kills by friends in this place as a percentage of kills by friends in the entire game.
 D = Other kills in this place as a percentage of other kills in the entire game.
 E = Experience gained in this place as a percentage of experience gained in the entire game.
 F = Experience gained in this place divided by the number of levels of this place that you have seen.
                   A       B       C       D       E      F
               +-------+-------+-------+-------+-------+----------------------
         Total | 100.0 | 100.0 | 100.0 |   N/A | 100.0 | 691.8
       Dungeon | 100.0 | 100.0 | 100.0 |   N/A | 100.0 | 761.0
               +-------+-------+-------+-------+-------+----------------------

Vault maps used:
D:1:      kb_arrival_jail, dk_noncrumbling_4
D:2:      minmay_distorted, uniq_robin
D:3:      first_ration
D:4:      elyvilon_altar_4, minmay_temple_entry_offerings, serial_shops,
          shop_statue, uniq_blork_the_orc
D:5:      cheibrodos_fertilizer, serial_shops,
          nicolae_shop_temple_entry_statues_fountains
D:6:      lemuel_upstairs_altar, yredelemnul_altar_generic, marbit_many_paths,
          uniq_edmund
D:7:      overflow_temple_1_default
D:8:      chequers_temple_overflow_statue_of_worship, grunt_livestock,
          uniq_erica, uniq_joseph, uniq_grum
D:9:      orc_0_dummy, guppyfry_early_elven_hall
D:10:     minmay_stone_box, minmay_lair_entry_grove, feat_on_display
Temple:   eino_temple_scatter_basement
